 Dungeon Crawl Stone Soup version 0.18.1-48-g4cf74bf (webtiles) character file.

51 Joat the Skirmisher (level 3, -10/29 HPs)
             Began as a Mummy Fighter on Aug 7, 2016.
             Mangled by a jumping spider (shapeshifter) (13 damage)
             ... on level 1 of the Dungeon.
             The game lasted 00:10:36 (4316 turns).

Joat the Skirmisher (Mummy Fighter)                 Turns: 4316, Time: 00:10:37

Health: -10/29     AC:  7    Str: 19    XL:     3   Next: 58%
Magic:  3/3        EV:  7    Int:  8    God:
Gold:   64         SH:  9    Dex: 11    Spells: 0 memorised, 2 levels left

rFire  x . .     SeeInvis .     f - +2 short sword (speed)
rCold  + . .     Gourm    .     b - +0 scale mail
rNeg   + + +     Faith    .     c - +0 shield
rPois  ∞         Spirit   .     (no helmet)
rElec  .         Dismiss  .     e - +0 cloak
rCorr  .         Reflect  .     (no gloves)
SustAt .         Harm     .     (no boots)
MR     .....                    (no amulet)
Stlth  ..........               (no ring)
                                (no ring)

@: not resistant to hostile enchantments, extremely unstealthy
A: no food or potions, fire vulnerability, cold resistance 1, negative energy
resistance 3, torment resistance, unbreathing
a: no special abilities


You were on level 1 of the Dungeon.
You were not hungry.

You visited 1 branch of the dungeon, and saw 1 of its levels.

You collected 64 gold pieces.

Inventory:

Hand Weapons
 a - a +0 war axe
 f - a +2 short sword of speed (weapon)
Armour
 b - a +0 scale mail (worn)
 c - a +0 shield (worn)
 e - a +0 cloak (worn)
Scrolls
 d - a scroll of remove curse
 g - a scroll of identify {unknown}


   Skills:
 + Level 3.4 Fighting
 + Level 1.0 Short Blades
 - Level 1.7 Axes
 + Level 2.7 Armour
 + Level 2.9 Shields


You had 2 spell levels left.
You didn't know any spells.

Dungeon Overview and Level Annotations

Branches:
Dungeon (1/15)

Altars:


Innate Abilities, Weirdness & Mutations

You do not eat or drink.
Your flesh is vulnerable to fire.
You are immune to poison.
Your flesh is cold resistant.
You are immune to negative energy.
You are immune to unholy pain and torment.
You can survive without breathing.


Message History

The jumping spider leaps!
The jumping spider leaps!
Your shield prevents you from hitting the jumping spider.
The jumping spider pounces on you!
The jumping spider bites you but does no damage.
You hit the jumping spider but do no damage.
The jumping spider pounces on you.
The jumping spider completely misses you.
You puncture the jumping spider!
The jumping spider is moderately wounded.
The jumping spider barely misses you. x2; The jumping spider pounces on you!
* * * LOW HITPOINT WARNING * * *
You are caught in a web!
The jumping spider completely misses you.
You disentangle yourself.
You block the jumping spider's attack.
The jumping spider bites you but does no damage.
You closely miss the jumping spider.
The jumping spider is moderately wounded.
The jumping spider pounces on you!
You die...

##.####.#.###.######.# #.#
#.#.###[######.#
######.####............s.#
#.....[..........#######.#
#.##.....##)####.#######.#
#.##.###....# #.........# ...#.#
#.#..####..######.#
.....###..........# #.# #####
#.##............@## #.# ##.#.#
#.#####.###.####s# #.###.....
........# #.# #.# #..###.#.#
#.#####.###.# #.# ##.##.....
#...........# #.# #.###.#.#
########....####.# #.##....>
#########.....##.# #.###.#.#
....##......#.##.## #.##.####
###.##.######.#...#######.##.....


You could see a jumping spider.

Vanquished Creatures
  An ooze (D:1)
  A dart slug (D:1)
  2 giant geckos (D:1)
  A ball python (D:1)
  2 giant cockroaches (D:1)
  2 goblins (D:1)
  5 hobgoblins (D:1)
  4 jackals (D:1)
  9 kobolds (D:1)
  A quokka (D:1)
  3 bats (D:1)
  4 giant newts (D:1)
  4 rats (D:1)
39 creatures vanquished.

Notes
Turn   | Place    | Note
--------------------------------------------------------------
     0 | D:1      | Joat the Mummy Fighter began the quest for the Orb.
     0 | D:1      | Reached XP level 1. HP: 18/18 MP: 1/1
   225 | D:1      | Reached XP level 2. HP: 12/24 MP: 2/2
  1191 | D:1      | Reached XP level 3. HP: 29/29 MP: 3/3
  1315 | D:1      | Reached skill level 1 in Short Blades
  4300 | D:1      | Noticed a jumping spider
  4316 | D:1      | Mangled by a jumping spider (shapeshifter)

Skill      XL: |  1  2  3 |
---------------+----------+-----
Short Blades   | 1 |  1.0
Fighting       | |  3.4
Axes           | |  1.7
Armour         | |  2.7
Shields        | |  2.9

Action                   || total
-------------------------++-------
Melee: War axe           ||    28
       Short sword       ||   103
  Use: Scroll            ||     1
Armor: Scale mail        ||    34
Dodge: Dodged            ||    35
Block: Shield            ||    53
